 Dungeon Crawl Stone Soup version 0.31.0-11-ge490571c62 (webtiles) character file.

Game seed: 2167963039487411591

66510 Swimmer the Peltast (level 14, -22/184 HPs)
             Began as a Minotaur Fighter on Feb 8, 2024.
             Was the Champion of Elyvilon.
             Annihilated by a titan skeleton (26 damage)
             ... led by a necromancer
             ... in the Vestibule of Hell on Feb 9, 2024.
             The game lasted 00:45:01 (18722 turns).

Swimmer the Peltast (Minotaur Fighter)             Turns: 18722, Time: 00:45:01

Health: -22/184    AC: 27    Str: 36    XL:     14   Next: 79%
Magic:  0/13       EV: 13    Int:  8    God:    Elyvilon [******]
Gold:   877        SH: 18    Dex: 11    Spells: 13/13 levels left

rFire   . . .        r - +5 broad axe "Qaitzor" {spect, *Rage rN+ Int+4 Dex+2}
rCold   . . .        d - +0 tower shield
rNeg    + . .        O - +2 plate armour {rPois}
rPois   +            (helmet unavailable)
rElec   .            T - +2 cloak
rCorr   .            x - +1 pair of gloves
SInv    .            D - +0 pair of boots
Will    +....        p - amulet of guardian spirit Stlth
                     H - +5 ring of evasion
HPRegen 0.50/turn    k - +6 ring of strength
MPRegen 0.13/turn

%: random rage (20%), guardian spirit
@: mighty, berserking, marked, spiked, hasted, very quick
A: horns 3, retaliatory headbutt, frail 1, strong 1, MP-powered wands
a: Renounce Religion, Purification, Heal Other, Heal Self, Divine Vigour


You were in the Vestibule of Hell.
You worshipped Elyvilon.
Elyvilon was exalted by your worship.
You visited 4 branches of the dungeon, and saw 18 of its levels.

You collected 2183 gold pieces.
You spent 1306 gold pieces at shops.

Inventory:

Hand Weapons
 a - a +0 war axe of protection
 r - the +5 broad axe "Qaitzor" (weapon) {spect, *Rage rN+ Int+4 Dex+2}
   (You bought it in a shop on level 4 of the Dungeon)

   Int+4:     It affects your intelligence (+4).
   Dex+2:     It affects your dexterity (+2).
   rN+:       It protects you from negative energy.
   *Rage:     It berserks you when you make melee attacks (+20% chance).
 y - the +6 hand axe of the Priest {flame, rC+}
   (You found it on level 6 of the Dungeon)

   rC+:       It protects you from cold.
 N - a +5 heavy battleaxe
Missiles
 G - 4 curare-tipped darts
 J - 3 throwing nets
Armour
 d - a +0 tower shield (worn)
 f - a +2 kite shield
 x - a +1 pair of gloves (worn)
 D - a +0 pair of boots (worn)
 O - a +2 plate armour of poison resistance (worn)
 T - a +2 cloak (worn)
Jewellery
 i - a ring of protection from fire
 k - a +6 ring of strength (right hand)
 p - an amulet of guardian spirit (around neck)
 q - an amulet of the acrobat
 w - a ring of see invisible
 A - the ring of Mauker {Ice Fly rPois}
   (You found it on level 7 of the Dungeon)

   [ring of ice]

   Ice:       It enhances your ice magic.
   rF-:       It makes you vulnerable to fire.
   rC+:       It protects you from cold.
   rPois:     It protects you from poison Fly: It grants you flight.
 H - a +5 ring of evasion (left hand)
 L - an amulet of magic regeneration
Wands
 n - a wand of mindburst (8)
 o - a wand of polymorph (4)
 C - a wand of flame (3)
 R - a wand of charming (1) (quivered)
 S - a wand of roots (6)
Scrolls
 s - 3 scrolls of identify
 t - 3 scrolls of teleportation
 u - 2 scrolls of fog
 z - a scroll of noise
 E - a scroll of vulnerability
 Q - 3 scrolls of fear
Potions
 b - 2 potions of mutation
 c - 2 potions of degeneration
 g - 5 potions of haste
 h - a potion of magic
 j - a potion of enlightenment
 l - 3 potions of ambrosia
 m - 2 potions of cancellation
 v - 2 potions of brilliance
 B - a potion of attraction
 F - 2 potions of resistance
 I - a potion of might
 K - a potion of curing


   Skills:
 + Level 16.1 Fighting
 + Level 15.9 Axes
 + Level 16.2 Armour
 + Level 16.2 Shields


You had 13 spell levels left.
You didn't know any spells.
Your spell library contained the following spells:

 Spells                   Type           Power      Damage    Failure   Level
 Magic Dart               Conj           0%         1d3       96%         1
 Slow                     Hex            0%         N/A       96%         1
 Blink                    Tloc           0%         N/A       99%         2
 Call Imp                 Summ           0%         N/A       99%         2
 Ensorcelled Hibernation  Hex/Ice        0%         N/A       99%         2
 Searing Ray              Conj           0%         2d4       99%         2
 Confusing Touch          Hex            0%         N/A       100%        3
 Inner Flame              Hex/Fire       0%         N/A       100%        3
 Passwall                 Erth           0%         N/A       100%        3
 Sigil of Binding         Hex            0%         N/A       100%        3
 Swiftness                Air            0%         N/A       100%        3
 Tukima's Dance           Hex            0%         N/A       100%        3
 Vampiric Draining        Necr           0%         2d6       100%        3
 Brom's Barrelling Bould  Conj/Erth      0%         2d3       100%        4
 Flame Wave               Conj/Fire      0%         2d4       100%        4
 Fulminant Prism          Conj/Alch      0%         3d5       100%        4
 Ignite Poison            Fire/Alch      0%         N/A       100%        4
 Passage of Golubria      Tloc           0%         N/A       100%        4
 Sticky Flame             Fire/Alch      0%         2d4       100%        4
 Vhi's Electric Charge    Tloc/Air       0%         N/A       100%        4
 Arcjolt                  Conj/Air       0%         1d10      100%        5
 Fireball                 Conj/Fire      0%         3d3       100%        5
 Iskenderun's Battlesphe  Conj           0%         2d6       100%        5
 Yara's Violent Unravell  Hex/Alch       0%         3d3       100%        5
 Conjure Ball Lightning   Conj/Air       0%         3x3d6     100%        6
 Plasma Beam              Fire/Air       0%         2x1d10    100%        6
 Orb of Destruction       Conj           0%         9d5       100%        7
 Ignition                 Fire           0%         3d3       100%        8


Dungeon Overview and Level Annotations

Branches:
Dungeon (15/15)            Temple (1/1) D:4            Lair (0/5) D:9
    Orc (0/2) D:12         Vaults (0/5) D:13         Depths (1/4) D:15
   Hell (1/1)
    Dis: Hell:1         Geh: Hell:1         Coc: Hell:1         Tar: Hell:1

Altars:
Ashenzari
Cheibriados
Dithmenos
Elyvilon
Fedhas
Gozag
Hepliaklqana
Kikubaaqudgha
Makhleb
Nemelex Xobeh
Okawaru
Qazlal
Ru
Sif Muna
Trog
Uskayaw
Vehumet
Wu Jian
Xom
Yredelemnul
Zin
The Shining One

Shops:
D:4 *   D:9 *!   D:11 (?   D:12 (   D:13 ?

Portals:
Hell: Depths:1
Abyss: Depths:1

Annotations:
D:8 exclusion: oklob sapling
Hell Geryon


Innate Abilities, Weirdness & Mutations

You have a pair of large horns on your head.
You reflexively headbutt those who attack you in melee.
You are frail. (-10% HP)
Your muscles are strong. (Str +4, Int/Dex -1)
You expend magic power (3 MP) to strengthen your wands.


Message History

Your +5 broad axe "Qaitzor" {spect, *Rage rN+ Int+4 Dex+2} hits the red devil.
Your +5 broad axe "Qaitzor" {spect, *Rage rN+ Int+4 Dex+2} completely misses the tentacled monstrosity.
Your +5 broad axe "Qaitzor" {spect, *Rage rN+ Int+4 Dex+2} hits the titan skeleton!
Your +5 broad axe "Qaitzor" {spect, *Rage rN+ Int+4 Dex+2} hits the four-headed hydra skeleton!!
Your +5 broad axe "Qaitzor" {spect, *Rage rN+ Int+4 Dex+2} lops one of the four-headed hydra skeleton's heads off!
Your +5 broad axe "Qaitzor" {spect, *Rage rN+ Int+4 Dex+2} hits the hell beast!!
Your +5 broad axe "Qaitzor" {spect, *Rage rN+ Int+4 Dex+2} hits the red devil!
An alligator zombie comes into view.
You block the hell beast's attack. x2
The three-headed hydra skeleton closely misses your +5 broad axe "Qaitzor" {spect, *Rage rN+ Int+4 Dex+2}.
The three-headed hydra skeleton bites your +5 broad axe "Qaitzor" {spect, *Rage rN+ Int+4 Dex+2} but does no damage.
The three-headed hydra skeleton misses your +5 broad axe "Qaitzor" {spect, *Rage rN+ Int+4 Dex+2}.
A sun demon comes into view.
You hit the tentacled monstrosity.
The tentacled monstrosity is severely wounded.
You hit the molten gargoyle.
You destroy the molten gargoyle!
You slice the hell beast!!
You kill the hell beast!
The hell beast disappears in a puff of smoke!
You slash the titan skeleton! You barely miss the sun demon.
Your +5 broad axe "Qaitzor" {spect, *Rage rN+ Int+4 Dex+2} hits the tentacled monstrosity!
Your +5 broad axe "Qaitzor" {spect, *Rage rN+ Int+4 Dex+2} hits the sun demon! x2
Your +5 broad axe "Qaitzor" {spect, *Rage rN+ Int+4 Dex+2} hits the tentacled monstrosity!
Your +5 broad axe "Qaitzor" {spect, *Rage rN+ Int+4 Dex+2} hits the titan skeleton!
Your +5 broad axe "Qaitzor" {spect, *Rage rN+ Int+4 Dex+2} hits the red devil.
Your +5 broad axe "Qaitzor" {spect, *Rage rN+ Int+4 Dex+2} hits the three-headed hydra skeleton!
Your +5 broad axe "Qaitzor" {spect, *Rage rN+ Int+4 Dex+2} slices one of the three-headed hydra skeleton's heads off!
A smoke demon comes into view.
A reaper comes into view. It is wielding a +5 scythe of venom.
You block the tentacled monstrosity's attack. x2
The tentacled monstrosity tentacle-slaps you.
* * * LOW HITPOINT WARNING * * *
You block the tentacled monstrosity's attack.
The red devil hits your +5 broad axe "Qaitzor" {spect, *Rage rN+ Int+4 Dex+2} with a +0 trident!!
Your spectral weapon shares its damage with you!
* * * LOW HITPOINT WARNING * * *
The phantasmal warrior gestures at you.
The phantasmal warrior blinks!
The titan skeleton hits you!!
You die...

Z##......≈≈≈....
.......≈≈§≈≈≈≈..3
...Z...≈≈≈≈≈≈≈...
..ZpZZ&.≈≈≈≈≈≈3.3
#.EZzp≈≈≈≈≈.2.2
##.∩..≈p3∩.##
#.Z4pz.32.W.#
##.#3X).§#.#
###.@p..# #.(Z..#
##Z4.## #9..#
..... ......
....... .........


You could see Geryon, a tentacled monstrosity, 2 reapers, 5 hell knights, 2
skeletal warriors, a soul eater, 4 sun demons, a war gargoyle, a phantasmal
warrior, an ice devil, a water elemental, a smoke demon, a hellion, a red devil
(distracted), an anaconda zombie, 2 alligator zombies, an alligator skeleton, a
four-headed hydra skeleton, a two-headed hydra skeleton, a titan skeleton and a
friendly +5 broad axe "Qaitzor" {spect, *Rage rN+ Int+4 Dex+2}.

Vanquished Creatures
  Rupert (D:13)
  A sphinx (Depths:1)
  Frances (D:13)
  Kirke (D:13)
  A fire giant (Depths:1)
  A caustic shrike zombie (Hell)
  A reaper (Hell)
  A stone giant (Depths:1)
  A rakshasa (D:15)
  4 vault guards (D:13)
  2 centaur warriors (D:13)
  An ogre mage (D:13)
  A boulder beetle (D:11)
  4 two-headed ogres
  2 death knights (D:14)
  Urug (D:11)
  A spriggan berserker (Depths:1)
  5 sun demons
  A hell hog (Hell)
  3 sixfirhies (D:14)
  2 skeletal warriors (D:14)
  A bunyip zombie (Hell)
  2 arcanists
  A deep elf archer (D:13)
  3 orc knights
  2 anaconda skeletons (Hell)
  2 deep elf pyromancers (D:15)
  2 necromancers
  2 orc sorcerers (D:15)
  9 ugly things (D:14)
  A manticore (shapeshifter) (D:13)
  2 manticores (D:13)
  Maurice (D:12)
  3 cyclopes
  A meliai (D:15)
  3 slime creatures (D:14)
  6 rust devils
  A molten gargoyle (Hell)
  3 smoke demons (D:14)
  4 gargoyles
  2 centaur skeletons (D:15)
  3 kobold demonologists (D:10)
  2 komodo dragons (D:13)
  3 yaktaurs
  2 freezing wraiths (D:14)
  A rime drake (shapeshifter) (D:15)
  3 ice devils (D:14)
  A tengu conjurer (D:15)
  A queen bee (shapeshifter) (D:14)
  2 red devils (D:14)
  3 hellwings (D:14)
  7 trolls
  A queen bee (D:15)
  A wolf spider simulacrum (D:15)
  4 hornets
  Grinder (D:6)
  2 spriggans (Depths:1)
  A centaur simulacrum (D:15)
  A jumping spider (shapeshifter) (D:15)
  2 shadows (D:11)
  A vampire (D:8)
  26 yaks
  A wyvern (D:8)
  4 wraiths
  A human (D:13)
  Eustachio (D:5)
  A warg (D:15)
  12 vampire mosquitoes
  A chaos spawn (D:14)
  2 steam dragons (D:8)
  3 neqoxecs (D:14)
  3 hogs (D:13)
  Menkaure (D:5)
  2 acid dragons
  2 water moccasins
  2 hell hounds (Hell)
  15 orc warriors
  Duvessa (D:6)
  3 ice beasts
  5 sky beasts
  2 ogres (D:11)
  A hornet zombie (D:8)
  5 centaurs
  4 kobold brigands
  A phantom (D:7)
  3 gnoll sergeants
  8 bullfrogs
  2 wyvern zombies (D:8)
  4 wights
  Dowan (D:6)
  20 killer bees
  A bombardier beetle (D:4)
  4 howler monkeys
  6 orc priests
  5 centaur zombies
  2 jellies
  A sleepcap (D:7)
  2 iguanas
  Natasha (thrice) (D:4)
  14 orc wizards
  A boggart zombie (D:15)
  2 killer bee zombies (D:8)
  2 howler monkey zombies (D:8)
  14 gnolls
  15 adders
  2 white imps (D:8)
  3 dart slugs
  3 ribbon worms
  56 orcs
  4 bats
  3 endoplasms
  4 giant cockroaches
  15 goblins
  9 hobgoblins
  12 jackals
  6 quokkas
  13 ball pythons
  5 frilled lizards
  22 kobolds
  9 rats
504 creatures vanquished.

Vanquished Creatures (collateral kills)
  5 killer bees (D:15)
5 creatures vanquished.

Vanquished Creatures (others)
  A meliai (D:15)
  A human (D:13)
  8 spectral weapons
10 creatures vanquished.

Grand Total: 519 creatures vanquished

Notes
Turn   | Place    | Note
-------+----------+-------------------------------------------
     0 | D:1      | Swimmer the Minotaur Fighter began the quest for the Orb.
     0 | D:1      | Reached XP level 1. HP: 19/19 MP: 0/0
   162 | D:1      | Reached XP level 2. HP: 22/27 MP: 1/1
   599 | D:1      | Reached XP level 3. HP: 27/33 MP: 2/2
  1616 | D:2      | Reached XP level 4. HP: 41/41 MP: 3/3
  2358 | D:3      | Found a faded altar of an unknown god.
  2373 | D:3      | Reached XP level 5. HP: 47/47 MP: 4/4
  2406 | D:3      | Found a bloodstained altar of Trog.
  2408 | D:3      | Found a glowing silver altar of Zin.
  2824 | D:3      | Found an ornate altar of the Wu Jian Council.
  3041 | D:4      | Found a staircase to the Ecumenical Temple.
  3067 | Temple   | Entered the Ecumenical Temple
  3148 | Temple   | Became a worshipper of Elyvilon the Healer
  3187 | D:4      | Noticed Natasha
  3194 | D:4      | Killed Natasha
  3301 | D:4      | Noticed an orc warrior
  3321 | D:4      | Killed an orc warrior
  3322 | D:4      | Reached skill level 5 in Fighting
  3322 | D:4      | Reached skill level 5 in Armour
  3322 | D:4      | Reached skill level 5 in Shields
  3322 | D:4      | Reached XP level 6. HP: 20/56 MP: 5/5
  3566 | D:4      | Noticed Natasha
  3567 | D:4      | Gained mutation: You are weak. (Str -2) [potion of
                  | mutation]
  3567 | D:4      | Gained mutation: Your flesh is cold resistant. (rC+)
                  | [potion of mutation]
  3567 | D:4      | Gained mutation: Your system is resistant to poisons.
                  | (rPois) [potion of mutation]
  3568 | D:4      | Lost mutation: You are weak. (Str -2) [potion of mutation]
  3568 | D:4      | Lost mutation: Your system is resistant to poisons. (rPois)
                  | [potion of mutation]
  3568 | D:4      | Lost mutation: Your flesh is cold resistant. (rC+) [potion
                  | of mutation]
  3568 | D:4      | Gained mutation: You have hidden genetic potential. [potion
                  | of mutation]
  3568 | D:4      | Gained mutation: You expend magic power (3 MP) to
                  | strengthen your wands. [potion of mutation]
  3573 | D:4      | Killed Natasha
  3618 | D:4      | Noticed Natasha
  3628 | D:4      | Killed Natasha
  3685 | D:4      | Reached * piety under Elyvilon
  3730 | D:4      | Found Lefin's General Store.
  3763 | D:4      | Identified a scroll of acquirement
  3763 | D:4      | Acquired 811 gold pieces
  3779 | D:4      | Bought the +5 broad axe "Qaitzor" {spect, *Rage rN+ Int+4
                  | Dex+2} for 737 gold pieces
  3913 | D:4      | Found a stormy altar of Qazlal.
  3980 | D:5      | Entered Level 5 of the Dungeon
  3987 | D:5      | Noticed an ice beast
  3994 | D:5      | Killed an ice beast
  3995 | D:5      | Reached skill level 5 in Axes
  3995 | D:5      | Reached XP level 7. HP: 62/62 MP: 6/6
  4077 | D:5      | Found a blossoming altar of Fedhas.
  4108 | D:5      | Gained mutation: You have a pair of large horns on your
                  | head. [hidden potential]
  4224 | D:5      | Reached ** piety under Elyvilon
  4581 | D:5      | Noticed Eustachio
  4590 | D:5      | Killed Eustachio
  4591 | D:5      | Reached XP level 8. HP: 71/71 MP: 7/7
  4613 | D:5      | Noticed Menkaure
  4617 | D:5      | Killed Menkaure
  4621 | D:5      | Gained mutation: Your muscles are strong. (Str +4, Int/Dex
                  | -1) [hidden potential]
  4621 | D:5      | Lost mutation: You have hidden genetic potential. [hidden
                  | potential expressed]
  4915 | D:6      | Noticed Duvessa
  4916 | D:6      | Noticed Dowan
  4919 | D:6      | Killed Duvessa
  4921 | D:6      | Killed Dowan
  4925 | D:6      | Identified the +6 hand axe of the Priest {flame, rC+}
  4964 | D:6      | Noticed Grinder
  4971 | D:6      | Killed Grinder
  5119 | D:6      | Reached *** piety under Elyvilon
  5313 | D:7      | Reached XP level 9. HP: 81/81 MP: 8/8
  5320 | D:7      | Identified the ring of Mauker {Ice Fly rPois}
  5930 | D:7      | Reached **** piety under Elyvilon
  6796 | D:8      | Reached XP level 10. HP: 36/91 MP: 9/9
  6802 | D:8      | HP: 2/91 [acid dragon/splash of acid (8)]
  6803 | D:8      | Elyvilon protects you from harm!
  6807 | D:8      | HP: 2/91 [wight/+3 trident (3)]
  7428 | D:8      | Reached skill level 10 in Shields
  7604 | D:8      | Reached skill level 10 in Armour
  7631 | D:8      | Reached skill level 10 in Fighting
  8035 | D:8      | Found a glowing golden altar of the Shining One.
  8188 | D:9      | Found a staircase to the Lair.
  8198 | D:9      | Found Vopuc's Assorted Antiques.
  8212 | D:9      | Bought a scroll labelled KESTRU YRUYCUO for 28 gold pieces
  8240 | D:9      | Reached skill level 10 in Axes
  8552 | D:9      | Noticed a gargoyle
  8557 | D:9      | Killed a gargoyle
  8611 | D:9      | Found Ohouc Suck's Distillery.
  8625 | D:9      | Bought a potion of heal wounds for 70 gold pieces
  8625 | D:9      | Bought a potion of heal wounds for 70 gold pieces
  8719 | D:9      | Found a shimmering altar of Xom.
  8775 | D:10     | Entered Level 10 of the Dungeon
  8834 | D:10     | Reached XP level 11. HP: 101/101 MP: 10/10
  8957 | D:10     | Reached ***** piety under Elyvilon
  9180 | D:10     | Noticed a soul eater
  9664 | D:11     | Found Onlaes's Magic Scroll Shop.
  9760 | D:11     | Noticed an orc knight
  9764 | D:11     | Noticed a two-headed ogre
  9774 | D:11     | Killed a two-headed ogre
  9783 | D:11     | Killed an orc knight
 10082 | D:11     | Noticed a boulder beetle
 10103 | D:11     | Killed a boulder beetle
 10220 | D:11     | Found Emnutifui's Weapon Shoppe.
 10238 | D:11     | Noticed Urug
 10252 | D:11     | Killed Urug
 10253 | D:11     | Reached XP level 12. HP: 112/112 MP: 11/11
 10444 | D:11     | Noticed a two-headed ogre
 10447 | D:11     | Killed a two-headed ogre
 10913 | D:12     | Found Mewirera's Weapon Emporium.
 10913 | D:12     | Found a staircase to the Orcish Mines.
 10969 | D:12     | Bought a +3 heavy battleaxe for 401 gold pieces
 11066 | D:12     | Noticed Maurice
 11069 | D:12     | Killed Maurice
 11244 | D:12     | Noticed a two-headed ogre
 11249 | D:12     | Killed a two-headed ogre
 11277 | D:13     | Noticed Kirke
 11279 | D:13     | Noticed Frances
 11283 | D:13     | Killed Kirke
 11289 | D:13     | Killed Frances
 11344 | D:13     | Noticed a two-headed ogre
 11348 | D:13     | Killed a two-headed ogre
 11998 | D:13     | Noticed a centaur warrior
 12002 | D:13     | Found Ulupt's Magic Scroll Shoppe.
 12008 | D:13     | Killed a centaur warrior
 12008 | D:13     | Noticed a centaur warrior
 12022 | D:13     | Killed a centaur warrior
 12153 | D:13     | Noticed Rupert
 12165 | D:13     | Killed Rupert
 12166 | D:13     | Reached XP level 13. HP: 106/123 MP: 0/12
 12654 | D:13     | Reached ****** piety under Elyvilon
 14048 | D:13     | Found a gate to the Vaults.
 15864 | D:14     | Gained mutation: You are frail. (-10% HP) [a neqoxec]
 15982 | D:14     | Reached skill level 15 in Shields
 16094 | D:14     | Reached skill level 15 in Armour
 16096 | D:14     | Reached skill level 15 in Fighting
 16243 | D:14     | Reached XP level 14. HP: 109/121 MP: 11/13
 16430 | D:14     | Reached skill level 15 in Axes
 16501 | D:14     | Found a bloodstained altar of Trog.
 16840 | D:15     | Entered Level 15 of the Dungeon
 17277 | D:15     | HP: 6/121 [poisoned by a killer bee]
 17277 | D:15     | Elyvilon protects you from harm!
 17283 | D:15     | HP: 4/121 [meliai/+0 hand axe (1)]
 17283 | D:15     | HP: 1/121 [meliai/+0 hand axe (3)]
 18042 | D:15     | Paralysed by an orc sorcerer for 3 turns
 18064 | D:15     | Found a staircase to the Depths.
 18477 | Depths:1 | Entered Level 1 of the Depths
 18486 | Depths:1 | Noticed a sphinx
 18492 | Depths:1 | Killed a sphinx
 18500 | Depths:1 | Noticed a stone giant
 18509 | Depths:1 | Killed a stone giant
 18510 | Depths:1 | Noticed a fire giant
 18519 | Depths:1 | Killed a fire giant
 18682 | Depths:1 | Found a gateway to Hell.
 18687 | Depths:1 | Found a one-way gate to the infinite horrors of the Abyss.
 18699 | Hell     | Entered the Vestibule of Hell
 18699 | Hell     | Noticed Geryon
 18699 | Hell     | Noticed a reaper
 18704 | Hell     | Noticed a tentacled monstrosity
 18711 | Hell     | Killed a reaper
 18718 | Hell     | Noticed a reaper
 18722 | Hell     | Noticed a reaper
 18722 | Hell     | HP: 4/184 [red devil/+0 trident (12)]
 18722 | Hell     | Annihilated by a titan skeleton

Illustrated notes

Levels and vault maps discovered:
D:1:      reono_arrival_forest_river, layout_basic, chequers_arboretum,
          minmay_misc_feat_nine_boxes
D:2:      minmay_chambers_of_twos, layout_basic, st_stairs_13,
          minmay_pentomino_q2
D:3:      layout_basic, pdpol_wu_jian_five_deadly_venoms,
          chequers_temple_overflow_statue_of_worship,
          nicolae_ecumenical_snake_handling
D:4:      layout_cave_pools, nicolae_qazlal_eye_of_the_storm,
          minmay_temple_entry_tees, serial_shops, shop, uniq_natasha
D:5:      layout_loops_ring, fedhas_altar_3, uniq_menkaure, uniq_eustachio
D:6:      layout_cave_pools, uniq_duvessa, uniq_grinder
D:7:      layout_basic, st_stairs_2
D:8:      minmay_the_grid_octo_tiled_squarecenter
          [minmay_the_grid_octo_thin_diamonds, minmay_the_grid_octo_clover_2,
          minmay_the_grid_octo_fan_narrow, minmay_the_grid_octo_toaster,
          minmay_the_grid_square_5x5_megaprize_hollow,
          minmay_the_grid_square_5x5_tri_point,
          minmay_the_grid_square_5x5_fat_x,
          minmay_the_grid_square_5x5_two_walls_b,
          minmay_the_grid_square_5x5_lines], layout_cave_pools,
          nicolae_tso_swordbearing_angel, serial_undead, serial_undead_e,
          serial_undead_d, serial_undead_e, serial_undead_c,
          introduction_to_nature_2
D:9:      layout_rooms, marbit_many_paths, dpeg_oklobed_lair, serial_shops,
          nicolae_shop_tiny_glass, nicolae_diamond_shop
D:10:     layout_cave_pods
D:11:     layout_roguey [special_room_orc], serial_shops,
          nicolae_shop_advertising_works [nicolae_subvault_shop_adworks], shop,
          minivault_27, amcnicky_mini_rare_corridor_liquid, uniq_urug
D:12:     layout_roguey, orc_david_3, uniq_maurice
D:13:     layout_small_grid, grunt_vaults_entry_fortified, serial_shops, shop,
          uniq_rupert, uniq_frances, uniq_kirke
D:14:     layout_irregular_city, chequers_serial_rivers_micro_e, serial_demonic,
          serial_demonic_g, serial_demonic_e, serial_demonic_a,
          serial_demonic_d, serial_demonic_g, serial_demonic_a,
          serial_demonic_a, serial_demonic_e, serial_demonic_b,
          serial_demonic_f, trog_three_pillars_becter
D:15:     grunt_enter_depths_magical_seal, layout_loops_corners, special_room
          [special_room_bee]
Temple:   nicolae_temple_bog_church
Depths:1: layout_roguey, hell_entry, abyss_entry, lemuel_blue_sif_altar
Hell

Skill      XL: |  1  2  3  4  5  6  7  8  9 10 11 12 13 14 |
---------------+-------------------------------------------+-----
Fighting       | 4 5 6 7 9 10 12 13 15 16 | 16.1
Armour         | 4 5 6 7 9 10 12 13 15 16 | 16.2
Shields        | 4 5 6 8 9 10 12 13 15 16 | 16.2
Axes           | 3 4 5 6 7 8 10 12 13 14 15 | 15.9

Action                     |  1- 3 |  4- 6 |  7- 9 | 10-12 | 13-15 || total
---------------------------+-------+-------+-------+-------+-------++-------
  Melee: War axe           |    81 |   145 |       |       |       ||   226
         Headbutt          |     9 |    22 |    15 |    54 |    66 ||   166
         Broad axe         |       |     2 |   122 |   259 |   304 ||   687
 Invoke: Purification      |       |       |       |       |     2 ||     2
  Evoke: Wand              |       |       |       |    15 |    22 ||    37
    Use: Scroll            |     3 |     2 |    12 |     8 |    13 ||    38
         Potion            |       |     5 |     2 |     5 |    10 ||    22
   Stab: Distracted        |       |       |       |     2 |     4 ||     6
 Armour: Scale mail        |   110 |       |       |       |       ||   110
         Chain mail        |       |   128 |    28 |       |       ||   156
         Plate armour      |       |       |    86 |   174 |   217 ||   477
  Dodge: Dodged            |    81 |    63 |    42 |   109 |   103 ||   398
  Block: Buckler           |    17 |       |       |       |       ||    17
         Kite shield       |    41 |   106 |    96 |   249 |    48 ||   540
         Tower shield      |       |       |       |       |   249 ||   249
